 Dungeon Crawl Stone Soup version 0.02-207-g49f19f9 (webtiles) character file.

Game seed: 17665127160697493135, levelgen mode: deterministic

3917 Kalegnar the Thaumaturge (level 10, 0/6 HPs) Fairy Air Elementalist. Began on Nov 9, 2020. Killed from afar by a gnoll shaman (1 damage) ... with a burst of metal fragments ... on level 4 of the Dungeon. The game lasted 00:32:04 (3367 turns).

Kalegnar the Thaumaturge (Fairy Air Elementalist)   Turns: 3367, Time: 00:32:08

Health: 0/6        AC:  0    Str:  2    XL:     10 ^: 5376
Magic:  5/5        EV: 28    Int: 25    God:
Gold:   154        SH:  0    Dex: 19    Spells: 16/31 levels left

rFire    . . .     Vision   .   r - ring of intelligence
rCold    . . .     Gourm    .
rNeg     . . .     Faith    .
rPois    .         Spirit   .
rElec    .         Reflect  .
rCorr    .         Harm     .
MR       ++...
Stlth    +.........
HPRegen  0.12/turn
MPRegen  0.15/turn

@: flying, glowing, lightly drained, slow
A: tiny, no armour or weapons, only one jewelry slot, no melee attacks, fairy
magic, fairy shield, fairy light, decreased potion and divine healing, slowness
1, able to fly, insubstantial
a: Stop Flying


You were on level 4 of the Dungeon.
You were not hungry.

You visited 1 branch of the dungeon, and saw 4 of its levels.

You collected 154 gold pieces.

Inventory:

Jewellery
 h - an uncursed ring of stealth
 j - a cursed ring of positive energy {(Curse: *Corrode)}
 o - a cursed ring of evasion {(Curse: *Tele)}
 p - an uncursed ring of ice
 r - a ring of intelligence (around core)
 u - a cursed ring of dexterity {(Curse: Slay-6)}
 x - an uncursed ring of resist corrosion
Wands
 v - a wand of random effects (1)
Scrolls
 a - 3 scrolls of fear
 d - 2 scrolls of bless item
 e - a scroll of magic mapping
 g - a scroll of vulnerability
 l - 2 scrolls of enchantment
 n - 2 scrolls of teleportation
 q - a scroll of blinking
 w - a scroll of summoning
Potions
 c - a potion of berserk rage
 f - a potion of haste
 i - 4 potions of agility
 k - a potion of resistance
 m - 4 potions of curing
 s - 2 potions of brilliance
 z - 2 potions of ambrosia
 A - 3 potions of heal wounds
Comestibles
 b - 9 rations
 t - 2 chunks of flesh


   Skills:
 - Level 5.0(4.8) Dodging
 - Level 1.4(1.2) Stealth
 + Level 11.0(10.9) Spellcasting
 + Level 10.3(10.2) Air Magic


You had 16 spell levels left.
You knew the following spells:

 Your Spells              Type           Power        Failure   Level  Hunger
a - Shock                 Air            25 (25)      1%          1    None
b - Swiftness             Chrm/Air       39 (100)     1%          2    None
c - Static Discharge      Air            59 (100)     1%          3    None
d - Airstrike             Air            59 (200)     1%          4    None
e - Lightning Bolt        Air            59 (200)     1%          5    ####...

Your spell library contained the following spells:

 Spells                   Type           Power        Failure   Level  Hunger


Dungeon Overview and Level Annotations

Branches:
Dungeon (4/8)
 Temple: D:4

Altars:
Elyvilon
Okawaru

Shops:
D:3 %


Innate Abilities, Weirdness & Mutations

You are too small to use any gear.
You can wear a single ring or amulet completely around your body.
You are incapable of melee of any kind.
Your magic reserves are extremely low but spells that normally cost one mana are free and all other spells cost one mana.
You are extremely frail but all attacks that strike you do exactly one damage.
You exude a bright light in a small radius around yourself.
The effect of potions and godly healing effects is reduced to match your tiny health and magic reserves.
You cover ground slowly.
You can fly continuously.
Your insubstantial form boosts your evasion and grants immunity to sticky flames, nets and constriction.


Message History

The bullfrog is moderately wounded. (15/23) HP The bullfrog hits you (3).
The gnoll closely misses you (0).
Casting: Shock (safe; 1% risk of failure)
Confirm with . or Enter, or press ? or * to list all spells.
Aiming: Shock (safe; 1% risk of failure)
Press: ? - help, Shift-Dir - straight line The zap hits the bullfrog (3).
The bullfrog is heavily wounded. (12/23) HP The zap hits the bullfrog (5).
The bullfrog is severely wounded. (7/23) HP The bullfrog completely misses you (0).
The gnoll shaman zaps a wand.
The burst of metal fragments hits the bullfrog (27)!!
The bullfrog dies!
The burst of metal fragments hits you (19)!!
The burst of metal fragments hits you (18)!!
The burst of metal fragments hits you (20)!!
The burst of metal fragments hits you (25)!!
* * * LOW HITPOINT WARNING * * *
The burst of metal fragments hits you (19)!!
You die...

####'###....#..#..#
#....##....#..#..#
#....##....#..#..#
#....##....#.....#
###..#######
#..##### #......#
##.....# #..@..#
####)## .gg. .gg..#
......# #......#
oo.....# #...g...#


You could see a gnoll shaman and 2 gnolls.

Vanquished Creatures
  Prince Ribbit (D:2)
  Eustachio (D:3)
  Menkaure (D:2)
  2 guardian mummies (D:3)
  6 slime creatures (D:2)
  A water moccasin (D:2)
  An ogre (D:3)
  5 big kobolds (D:2)
  4 bullfrogs (D:2)
  2 howler monkeys (D:3)
  4 wights (D:4)
  2 orc priests (D:3)
  3 jellies (D:2)
  An orc wizard (D:3)
  A worker ant (D:3)
  17 giant cockroaches
  8 gnolls
  10 adders
  47 sewer rats (D:2)
  19 cinder newts
  3 worms (D:2)
  2 worker ant zombies (D:3)
  2 hound zombies (D:3)
  A giant cockroach zombie (D:3)
  18 oozes (D:2)
  A howler monkey skeleton (D:3)
  2 dart slugs (D:1)
  7 leopard geckos
  8 orcs
  5 adder skeletons
  4 adder zombies (D:3)
  8 hobgoblins (D:1)
  4 jackals (D:3)
  A quokka (D:3)
  3 ball pythons
  9 bats
  A bat skeleton (D:2)
  8 goblins (D:1)
  2 jackal skeletons (D:3)
  2 jackal zombies (D:3)
  25 kobolds
  An orc skeleton (D:2)
  2 quokka skeletons (D:3)
  A quokka zombie (D:3)
  5 rats (D:1)
  A rat skeleton (D:2)
  5 bushes (D:1)
  6 plants (D:1)
  7 withered plants (D:2)
280 creatures vanquished.

Vanquished Creatures (others)
  A bullfrog (D:4)
  3 giant cockroaches (D:2)
  A sewer rat (D:2)
  2 bats (D:2)
  A cinder newt skeleton (D:2)
  3 ball pythons (D:2)
  A ball python skeleton (D:2)
  8 kobolds (D:2)
  A kobold skeleton (D:2)
  A quokka skeleton (D:2)
  A rat (D:2)
  A bush (D:1)
  4 giant blowflies (D:2)
  A plant (D:1)
  77 withered plants (D:2)
106 creatures vanquished.

Grand Total: 386 creatures vanquished

Notes
Turn   | Place    | Note
-------+----------+-------------------------------------------
     0 | D:1      | Kalegnar the Fairy Air Elementalist began the quest for the
                  | Orb.
     0 | D:1      | Reached XP level 1. HP: 3/3 MP: 3/3
    27 | D:1      | Reached XP level 2. HP: 3/3 MP: 3/3
    31 | D:1      | Learned a level 2 spell: Swiftness
   122 | D:1      | Reached skill level 3 in Spellcasting
   122 | D:1      | Reached XP level 3. HP: 4/4 MP: 3/3
   127 | D:1      | Learned a level 3 spell: Static Discharge
   187 | D:1      | Reached XP level 4. HP: 4/4 MP: 3/3
   342 | D:1      | Reached XP level 5. HP: 4/4 MP: 3/3
   447 | D:1      | Reached skill level 4 in Spellcasting
   595 | D:1      | Learned a level 4 spell: Airstrike
   775 | D:2      | Reached skill level 5 in Dodging
   850 | D:2      | Reached XP level 6. HP: 5/5 MP: 3/3
   884 | D:2      | Found a white marble altar of Elyvilon.
   884 | D:2      | Found an iron altar of Okawaru.
  1062 | D:2      | Reached skill level 5 in Spellcasting
  1064 | D:2      | Reached skill level 5 in Air Magic
  1105 | D:2      | Noticed a slime creature
  1119 | D:2      | Killed a slime creature
  1119 | D:2      | Reached XP level 7. HP: 5/5 MP: 3/3
  1131 | D:2      | Learned a level 5 spell: Lightning Bolt
  1148 | D:2      | Reached skill level 6 in Spellcasting
  1221 | D:2      | Reached skill level 7 in Spellcasting
  1256 | D:2      | Reached XP level 8. HP: 3/5 MP: 3/3
  1310 | D:2      | Noticed Prince Ribbit
  1326 | D:2      | Killed Prince Ribbit
  1326 | D:2      | Reached skill level 8 in Spellcasting
  1421 | D:2      | Reached skill level 9 in Spellcasting
  1548 | D:2      | Reached XP level 9. HP: 6/6 MP: 4/4
  1658 | D:2      | Noticed Menkaure
  1665 | D:2      | Killed Menkaure
  2130 | D:2      | Reached skill level 10 in Spellcasting
  2513 | D:3      | Noticed Eustachio
  2537 | D:3      | Killed Eustachio
  2627 | D:3      | Found Zorumipp's Food Boutique.
  2932 | D:3      | Reached skill level 10 in Air Magic
  3300 | D:4      | Reached skill level 11 in Spellcasting
  3364 | D:4      | Reached XP level 10. HP: 6/6 MP: 5/5
  3367 | D:4      | Killed from afar by a gnoll shaman

Levels and vault maps discovered:
D:1:      minmay_arrival_statue_studded, layout_cave_pools, serial_park,
          serial_park_tiny_1, dk_noncrumbling_3, lexackson_kobold_supper,
          gup_sewer_entry_bowl
D:2:      layout_sewer, gammafunk_temple_overflow_wave, sewer_frog_spiral,
          first_ration, uniq_menkaure
D:3:      layout_rooms, serial_shops, shop, ossuary_tomb_1, uniq_eustachio
D:4:      layout_stronghold, nemelex_altar_shiori, zin_academy, temple_green,
          serial_shops, shop, hangedman_fish_farm

Skill      XL: |  1  2  3  4  5  6  7  8  9 |
---------------+----------------------------+-----
Dodging        | 3 4 5 |  5.0
Spellcasting   | 3 4 5 7 9 11 | 11.0
Air Magic      | 4 5 7 8 10 | 10.3
Stealth        | |  1.4

Action                   |  1- 3 |  4- 6 |  7- 9 | 10-12 || total
-------------------------+-------+-------+-------+-------++-------
 Cast: Shock             |    56 |   182 |   478 |     4 ||   720
       Static Discharge  |       |     3 |     6 |       ||     9
       Airstrike         |       |       |    11 |       ||    11
 Abil: Fly               |       |     1 |       |       ||     1
  Eat: Chunk             |       |     1 |     8 |       ||     9
Dodge: Dodged            |    10 |    49 |   112 |     6 ||   177
